 Dungeon Crawl Stone Soup version 0.27.1 (webtiles) character file.

Game seed: 8999406344121632384

10588 shadowrider38 the Fighter (level 11, -7/120 HPs)
             Began as a Kobold Berserker on Aug 24, 2021.
             Was an Elder of Trog.
             Mangled by Urug (20 damage)
             ... on level 10 of the Dungeon.
             The game lasted 00:29:38 (19144 turns).

shadowrider38 the Fighter (Kobold Berserker)       Turns: 19144, Time: 00:29:39

Health: -7/120     AC: 14    Str: 17 (18) XL:     11   Next: 95%
Magic:  11/11      EV:  7    Int:  7 (8)  God:    Trog [****..]
Gold:   152        SH:  0    Dex: 15      Spells: 10/10 levels left

rFire    + . .     SeeInvis .   a - +0 double sword
rCold    . . .     Faith    .   (shield currently unavailable)
rNeg     . . .     Spirit   .   A - +0 plate armour
rPois    +         Reflect  .   H - +2 helmet of Ovuabu Veyne {+Blink}
rElec    .         Harm     .   (no cloak)
rCorr    .         Rampage  .   w - +0 pair of gloves
Will     .....                  (no boots)
Stlth    ..........             (no amulet)
HPRegen  0.30/turn              i - ring of protection from fire
MPRegen  0.12/turn              s - ring of poison resistance

@: berserking (expiring), very quick
A: small, no large weapons, nightstalker 3, deterioration 1
a: Renounce Religion, Evoke Blink, Berserk, Trog's Hand, Brothers in Arms


You were on level 10 of the Dungeon.
You worshipped Trog.
Trog was greatly pleased with you.
You visited 2 branches of the dungeon, and saw 11 of its levels.
You also visited: Bailey.

You collected 437 gold pieces.
You spent 285 gold pieces at shops.

Inventory:

Hand Weapons
 a - a +0 double sword (weapon)
 C - a +0 hand crossbow
Missiles
 b - 22 poisoned darts (quivered)
 d - 113 bolts
 B - 8 boomerangs
 D - 91 stones
Armour
 c - a +0 kite shield
 w - a +0 pair of gloves (worn)
 A - a +0 plate armour (worn)
 G - +0 acid dragon scales
 H - the +2 helmet of Ovuabu Veyne (worn) {+Blink}
   (You bought it in a shop on level 8 of the Dungeon)

   +Blink:    It lets you blink.
Jewellery
 i - a ring of protection from fire (left hand)
 r - a ring of see invisible
 s - a ring of poison resistance (right hand)
Wands
 f - a wand of charming (6)
 p - a wand of flame (31)
 z - a wand of iceblast (7)
Scrolls
 e - 3 scrolls of teleportation
 n - a scroll of fog
 q - 2 scrolls of blinking {unknown}
 t - a scroll of amnesia {unknown}
 v - a scroll of magic mapping {unknown}
 y - a scroll of enchant armour {unknown}
 E - a scroll of brand weapon {unknown}
 F - a scroll of fear {unknown}
Potions
 g - 2 potions of heal wounds
 h - a potion of attraction
 j - a potion of invisibility
 k - a potion of cancellation
 l - 3 potions of curing
 m - 2 potions of lignification
 o - a potion of mutation
 u - a potion of degeneration
 x - 2 potions of might


   Skills:
 + Level 14.7 Fighting
 - Level 10.7 Short Blades
 + Level 10.4 Crossbows
 - Level 1.5 Armour
 - Level 2.4 Dodging


You had 10 spell levels left.
You didn't know any spells.
Your spell library was empty.

Dungeon Overview and Level Annotations

Branches:
Dungeon (10/15)            Temple (1/1) D:7            Lair (0/6) D:10
 Bailey (visited)
    Orc: D:9-12

Altars:
Ashenzari
Cheibriados
Dithmenos
Elyvilon
Fedhas
Gozag
Hepliaklqana
Kikubaaqudgha
Makhleb
Okawaru
Qazlal
Ru
Sif Muna
Trog
Uskayaw
Vehumet
Wu Jian
Xom
Yredelemnul
Zin
The Shining One
Lugonu

Shops:
D:2 [   D:3 (   D:4 :   D:6 *   D:8 [

Annotations:
D:7 1 runed translucent door, rjrrt's ghost, novice HOMo
D:9 3 runed translucent doors, exclusion: obsidian statue, gimp's ghost, journeyman OgEn
D:10 Urug


Innate Abilities, Weirdness & Mutations

You are small and have problems with some larger weapons.
You are completely attuned to the shadows.
Your body sometimes deteriorates upon taking damage.


Message History

You slash the two-headed ogre!
The two-headed ogre is heavily wounded.
Urug shouts!
You hit the two-headed ogre but do no damage.
The two-headed ogre is heavily wounded.
The two-headed ogre hits you with a +0 giant spiked club! x2
Your body deteriorates!
You feel dopey.
You slice the two-headed ogre!!
The two-headed ogre is almost dead.
The two-headed ogre hits you with a +0 giant spiked club.
The two-headed ogre hits you with a +0 giant spiked club!
You slash the two-headed ogre!
You kill the two-headed ogre!
Trog accepts your kill.
You feel your strength returning.
You slash Urug!
Urug is lightly wounded.
Urug hits you with a +0 broad axe!
Your body deteriorates!
You feel weakened.
You slice Urug!!
Urug is severely wounded.
You completely miss Urug.
Urug is severely wounded.
Urug hits you with a +0 broad axe!!
* * * LOW HITPOINT WARNING * * *
You closely miss Urug.
Urug is severely wounded.
Urug hits you with a +0 broad axe.
* * * LOW HITPOINT WARNING * * *
You slice Urug!!
Urug is almost dead.
Urug hits you with a +0 broad axe!
* * * LOW HITPOINT WARNING * * *
You closely miss Urug.
Urug is almost dead.
Urug closely misses you.
Your plate armour prevents you from hitting Urug.
Urug is almost dead.
Urug hits you with a +0 broad axe!!
You die...

###### #....#
#....########
#....#......##
#####....#......)#
....'............#
#####@...........# #
...o.....######.# #
.###....#######.# #
.................#####
.#......#.#########....
........#.#............
..........#.#######....
..≈...#####.### #....
..............# #....


You could see Urug.

Vanquished Creatures
  Josephine (D:10)
  Erolcha (D:9)
  3 two-headed ogres
  Nergalle (D:10)
  A manticore (D:6)
  Joseph (D:9)
  Prince Ribbit (D:8)
  A hornet (D:8)
  4 wraiths (D:10)
  A wyvern (D:5)
  4 yaks
  A steam dragon (D:9)
  2 acid dragons
  A water moccasin (D:8)
  A sky beast (D:7)
  5 orc warriors
  A necrophage (D:6)
  2 ogres (D:5)
  2 centaurs
  2 kobold brigands
  4 bullfrogs
  A wyvern zombie (D:8)
  6 scorpions
  A water moccasin zombie (D:5)
  A water moccasin skeleton (D:4)
  8 wights (D:8)
  An electric eel (D:8)
  A howler monkey (D:9)
  5 centaur zombies
  A bullfrog zombie (D:4)
  2 hounds
  3 orc priests
  3 jellies
  A gnoll shaman (D:4)
  2 iguanas
  2 bullfrog skeletons
  5 orc wizards
  8 gnolls
  8 adders
  A shadow imp (D:3)
  An ufetubus (D:7)
  3 worms
  3 dart slugs
  26 orcs
  7 ball pythons
  4 bats
  6 endoplasms
  5 giant cockroaches
  9 goblins
  6 hobgoblins
  3 frilled lizards
  18 kobolds
  3 rats
194 creatures vanquished.

Vanquished Creatures (others)
  An orc wizard (D:8)
  2 demonic plants (Temple)
  14 fungi (D:10)
  21 plants
38 creatures vanquished.

Grand Total: 232 creatures vanquished

Notes
Turn   | Place    | Note
-------+----------+-------------------------------------------
     0 | D:1      | shadowrider38 the Kobold Berserker began the quest for the
                  | Orb.
     0 | D:1      | Reached XP level 1. HP: 14/14 MP: 1/1
   294 | D:1      | Reached XP level 2. HP: 15/19 MP: 2/2
  1162 | D:1      | Reached XP level 3. HP: 14/24 MP: 3/3
  1369 | D:1      | Reached skill level 4 in Fighting
  2042 | D:2      | Reached skill level 5 in Short Blades
  2238 | D:2      | Reached XP level 4. HP: 25/29 MP: 4/4
  2328 | D:2      | Found Ecrias's Antique Armour Shop.
  2593 | D:2      | Reached ** piety under Trog
  2779 | D:2      | Found a faded altar of an unknown god.
  3207 | D:3      | Found a blossoming altar of Fedhas.
  3406 | D:3      | Reached XP level 5. HP: 24/34 MP: 5/5
  3769 | D:3      | Found Weblom's Weapon Shoppe.
  3856 | D:4      | Found Cehaibre's Book Emporium.
  3976 | D:4      | Reached skill level 5 in Fighting
  4279 | D:4      | Found an ancient bone altar of Kikubaaqudgha.
  4302 | D:4      | Identified the +0 chain mail "Asiazufo" {Int+2}
  4623 | D:4      | Reached XP level 6. HP: 31/40 MP: 6/6
  4762 | D:4      | Found a bloodstained altar of Trog.
  5714 | D:5      | Entered Level 5 of the Dungeon
  5724 | D:5      | Reached skill level 6 in Fighting
  5762 | D:5      | Reached XP level 7. HP: 38/46 MP: 7/7
  6007 | D:4      | Reached *** piety under Trog
  6746 | D:5      | Found a glowing silver altar of Zin.
  6746 | D:5      | Found a white marble altar of Elyvilon.
  6746 | D:5      | Found a glowing golden altar of the Shining One.
  7092 | D:5      | Found an iron altar of Okawaru.
  7113 | D:5      | Noticed a wyvern
  7125 | D:5      | Killed a wyvern
  7126 | D:5      | Reached skill level 7 in Fighting
  7351 | D:5      | Reached XP level 8. HP: 52/53 MP: 8/8
  7853 | D:5      | Found a broken altar of Ashenzari.
  8176 | D:5      | Reached skill level 8 in Fighting
  8545 | D:6      | Noticed a manticore
  8561 | D:6      | Killed a manticore
  8562 | D:6      | Reached skill level 10 in Short Blades
  8562 | D:6      | Reached XP level 9. HP: 19/60 MP: 9/9
  8816 | D:6      | You fall into a shaft and drop 2 floors!
  8870 | D:8      | Reached skill level 9 in Fighting
  9142 | D:8      | Found Hoxkof's Armour Shop.
  9162 | D:8      | Identified the +5 hand axe of Wicapteg {vorpal, Contam
                  | rElec Dex+4}
  9168 | D:8      | Found an opulent altar of Gozag.
  9353 | D:8      | Found a hide-covered altar of Uskayaw.
 10038 | D:8      | Noticed Prince Ribbit
 10045 | D:8      | Killed Prince Ribbit
 10046 | D:8      | Reached skill level 10 in Fighting
 10513 | D:7      | Found a runed translucent door.
 10712 | D:6      | Found Xuiten's General Store.
 10959 | D:7      | Reached skill level 11 in Fighting
 11098 | D:7      | Found a staircase to the Ecumenical Temple.
 11106 | Temple   | Entered the Ecumenical Temple
 11505 | D:7      | Reached XP level 10. HP: 64/71 MP: 10/10
 11719 | D:7      | Found a shadowy altar of Dithmenos.
 11755 | D:7      | Found a snail-covered altar of Cheibriados.
 11925 | D:7      | Found a shimmering altar of Xom.
 11925 | D:7      | Noticed rjrrt's ghost (novice HOMo)
 11925 | D:7      | Noticed a +1 rapier of chaos
 12345 | D:5      | Gained mutation: Your body sometimes deteriorates upon
                  | taking damage. [mutagenic glow]
 12684 | D:9      | Noticed a two-headed ogre
 12693 | D:9      | Killed a two-headed ogre
 12694 | D:9      | Reached skill level 12 in Fighting
 12742 | D:9      | Found a flagged portal.
 12751 | Bailey   | Entered a bailey
 12759 | Bailey   | Noticed an orc knight
 13061 | D:9      | Found a basalt altar of Yredelemnul.
 13064 | D:9      | Noticed a two-headed ogre
 13073 | D:9      | Killed a two-headed ogre
 13074 | D:9      | Reached skill level 5 in Crossbows
 13108 | D:9      | Found a runed translucent gate.
 13108 | D:9      | Found a runed translucent gate.
 13108 | D:9      | Found a runed translucent gate.
 13307 | D:9      | Noticed Joseph
 13334 | D:9      | Killed Joseph
 13397 | D:9      | Reached **** piety under Trog
 13398 | D:9      | Reached skill level 13 in Fighting
 13820 | D:9      | Noticed Erolcha
 13838 | D:9      | Killed Erolcha
 13839 | D:9      | Reached XP level 11. HP: 78/78 MP: 11/11
 13943 | D:9      | Noticed an obsidian statue
 14797 | D:9      | Found a shimmering altar of Xom.
 14968 | D:9      | Noticed gimp's ghost (journeyman OgEn)
 14986 | D:10     | Entered Level 10 of the Dungeon
 14999 | D:10     | Noticed Nergalle
 15028 | D:10     | Killed Nergalle
 16114 | D:10     | Reached skill level 14 in Fighting
 16123 | D:10     | Noticed Urug
 17053 | D:8      | Paralysed by a hornet for 3 turns
 17899 | D:8      | Bought the +2 helmet of Ovuabu Veyne {+Blink} for 285 gold
                  | pieces
 18328 | D:10     | Noticed Josephine
 18337 | D:10     | Killed Josephine
 18778 | D:10     | Found a staircase to the Lair.
 18885 | D:10     | Reached skill level 10 in Crossbows
 19130 | D:10     | Noticed a two-headed ogre
 19137 | D:10     | Killed a two-headed ogre
 19144 | D:10     | Mangled by Urug

Illustrated notes

Levels and vault maps discovered:
D:1:      arrival_zaba_pyramid, layout_basic, serial_bayou, serial_bayou_lake_a,
          serial_bayou_lagoon_b, serial_bayou_pond_e, serial_bayou_lagoon_a,
          chequers_serial_rivers_small_a
D:2:      layout_rooms, ebering_ecumenical_altar_ruins, serial_shops,
          nicolae_shop_stone
D:3:      layout_basic, lemuel_doored_altar, serial_shops, shop
D:4:      layout_basic, kennysheep_mini_moat, mainiacjoe_overflow_alcove_4,
          lemuel_tele_altar, serial_shops, nicolae_stop_n_shop_1
D:5:      layout_basic, good_gods_mini_temple, okawaru_trees_1,
          overflow_temple_1_default
D:6:      layout_basic, serial_shops, nicolae_shop_window_shopping
D:7:      layout_gridville, lemuel_crystal_altar,
          nicolae_dithmenos_through_a_glass_darkly, minmay_temple_entry_waves,
          ebering_ghost_xom
D:8:      layout_basic, nicolae_gozag_seed_capital,
          mainiacjoe_overflow_24_doors, serial_shops,
          nicolae_shop_window_shopping, kennysheep_donut, kennysheep_cross_room,
          kennysheep_nondescript, uniq_prince_ribbit1
D:9:      minmay_statue_hallways, layout_loops_ring, yredelemnul_altar_generic,
          kennysheep_little_box, enter_bailey_2, biasface_ghost_orc_armoury,
          serial_glass, glass_columns_a, glass_columns_a, glass_columns_b,
          glass_columns_b, uniq_erolcha, uniq_joseph
D:10:     layout_basic, grunt_lair_entry_orc_guard_hut, skrybe_limestone_x,
          uniq_urug, uniq_josephine, uniq_nergalle
Temple:   corrupted_temple

Skill      XL: |  1  2  3  4  5  6  7  8  9 10 11 |
---------------+----------------------------------+-----
Fighting       | 4 5 6 7 8 11 13 14 | 14.7
Short Blades   | 5 6 7 8 10 | 10.7
Crossbows      | 7 10 | 10.4
Armour         | |  1.5
Dodging        | |  2.4

Action                   |  1- 3 |  4- 6 |  7- 9 | 10-12 || total
-------------------------+-------+-------+-------+-------++-------
Melee: Short sword       |   122 |   284 |   209 |       ||   615
       Hand axe          |       |       |    97 |    13 ||   110
       Dagger            |       |       |       |   439 ||   439
       Double sword      |       |       |       |   100 ||   100
Throw: Dart              |       |       |       |     1 ||     1
Invok: Berserk           |     1 |     4 |    21 |    27 ||    53
  Use: Scroll            |       |     6 |     3 |     5 ||    14
       Potion            |       |       |       |     1 ||     1
 Stab: Sleeping          |     3 |       |       |       ||     3
Armor: Animal skin       |    13 |       |       |       ||    13
       Chain mail        |     1 |   132 |   128 |       ||   261
       Leather armour    |     1 |       |       |       ||     1
       Plate armour      |       |       |     5 |   193 ||   198
Dodge: Dodged            |    46 |    98 |   134 |   105 ||   383
       Rpst.: Double sword |       |       |       |    12 ||    12
